 Dungeon Crawl Stone Soup version 0.27-a0-585-g945025970d (webtiles) character file.

Game seed: 14120745902383684224

46 Azunone the Sneak (level 3, 0/15 HPs)
             Began as a Felid Venom Mage on Mar 10, 2021.
             Slain by an adder (3 damage)
             ... on level 2 of the Dungeon.
             The game lasted 00:05:23 (1417 turns).

Azunone the Sneak (Felid Venom Mage)                Turns: 1417, Time: 00:05:23

Health: 0/15       AC:  1    Str:  4    XL:     3   Next: 44%
Magic:  6/7        EV: 18    Int: 16    God:
Gold:   43         SH:  0    Dex: 17    Spells: 5/6 levels left
                                        Lives:  0   Deaths: 0

rFire    . . .     SeeInvis +   (weapon unavailable)
rCold    . . .     Faith    .   (shield unavailable)
rNeg     . . .     Spirit   .   (armour unavailable)
rPois    +         Reflect  .   (helmet unavailable)
rElec    .         Harm     .   (cloak unavailable)
rCorr    .         Rampage  .   (gloves unavailable)
Will     .....                  (boots unavailable)
Stlth    +++.......             (no amulet)
HPRegen  0.05/turn              (no ring)
MPRegen  0.10/turn              a - ring of poison resistance

@: mighty, quick
A: very small, claws 1, fangs 3, see invisible, speed 1, shaggy fur 1, stealthy
paws, no weapons or thrown items, no armour, multi-lived
a: no special abilities


You were on level 2 of the Dungeon.
You visited 1 branch of the dungeon, and saw 2 of its levels.

You collected 43 gold pieces.

Inventory:

Armour
 d - a +1 robe of cold resistance
 e - a +0 robe of positive energy
Jewellery
 a - a ring of poison resistance (right paw)
Scrolls
 b - 3 scrolls of identify {unknown}
 f - a scroll of teleportation {unknown}
 g - a scroll of magic mapping {unknown}
 i - a scroll of amnesia {unknown}
Potions
 h - a potion of haste {unknown}


   Skills:
 + Level 0.7 Fighting
 - Level 3.1 Dodging
 + Level 3.6 Stealth
 - Level 2.3 Spellcasting
 - Level 1.7 Transmutations
 - Level 3.0 Poison Magic


You had 5 spell levels left.
You knew the following spells:

 Your Spells              Type           Power      Damage    Failure   Level
a - Sting                 Tmut/Pois      36%        1d4       8%          1

Your spell library contained the following spells:

 Spells                   Type           Power      Damage    Failure   Level
 Poisonous Vapours        Pois/Air       12%        N/A       17%         2
 Ignite Poison            Fire/Tmut/Pois 6%         N/A       32%         3
 Mephitic Cloud           Conj/Pois/Air  5%         N/A       38%         3
 Olgreb's Toxic Radiance  Pois           11%        N/A       52%         4


Dungeon Overview and Level Annotations

Branches:
Dungeon (2/15)

Altars:


Innate Abilities, Weirdness & Mutations

You have sharp claws.
You have razor-sharp teeth.
You have supernaturally acute eyesight. (SInv)
You cover ground quickly. (Speed+)
You are covered in fur. (AC +1)
Your stealthy paws help you sneak and pounce on unaware monsters.
You are incapable of wielding weapons or throwing items.
You cannot wear armour.
You gain extra lives every three experience levels.


Message History

Aim: a hobgoblin (32% to evade)
The sting misses the hobgoblin.
The hobgoblin misses you.
Casting: Sting (safe; 8% risk of failure)
Confirm with . or Enter, or press ? or * to list all spells.
Aiming: Sting (safe; 8% risk of failure)
Press: ? - help, Shift-Dir - straight line, f/p - hobgoblin
Aim: a hobgoblin (32% to evade)
The sting hits the hobgoblin.
The hobgoblin is poisoned.
The hobgoblin is severely wounded.
You kill the hobgoblin!
Casting: Sting (safe; 8% risk of failure)
Confirm with . or Enter, or press ? or * to list all spells.
Aiming: Sting (safe; 8% risk of failure)
Press: ? - help, Shift-Dir - straight line, f - adder
Aim: an adder (52% to evade)
The sting hits the adder.
The adder is poisoned.
The adder is moderately wounded.
You see here a frilled lizard corpse.
The adder closely misses you.
There is a stone staircase leading up here.
You see here an adder skeleton.
The adder looks more healthy.
The adder misses you.
Casting: Sting (safe; 8% risk of failure)
Confirm with . or Enter, or press ? or * to list all spells.
Aiming: Sting (safe; 8% risk of failure)
Press: ? - help, Shift-Dir - straight line, f/p - adder
Aim: an adder (heavily wounded, 52% to evade)
You miscast Sting.
You are very lightly contaminated with residual magic.
Nothing appears to happen.
The adder bites you.
* * * LOW HITPOINT WARNING * * *
Your magical contamination has completely faded away.
It was a potion of might.
You feel very mighty all of a sudden. The adder closely misses you.
The adder misses you.
You scratch the adder.
The adder is severely wounded.
The adder bites you.
You die...

#..# #.# #..# #.#
#..# #.#
###..#####.###
#######......>.....#
#.......#..#####.#.#
#.#######..# #.....#
#.#######..###.###..
#รท.@SS.........# ..
#<############.###..
#.# ###.....# #.#
#..S>S#
#.##########.#####
#...S........#
#.##########.# #.#
#.# #.# #"#


You could see 2 adders.

Vanquished Creatures
  An adder (D:2)
  A worm (D:2)
  2 dart slugs (D:1)
  2 leopard geckos (D:1)
  A ball python (D:1)
  4 bats (D:1)
  A giant cockroach (D:1)
  A goblin (D:1)
  5 hobgoblins
  2 kobolds (D:1)
  5 frilled lizards
  2 rats (D:1)
27 creatures vanquished.

Notes
Turn   | Place    | Note
-------+----------+-------------------------------------------
     0 | D:1      | Azunone the Felid Venom Mage began the quest for the Orb.
     0 | D:1      | Reached XP level 1. HP: 7/7 MP: 4/4
     6 | D:1      | Noticed a salamander
     6 | D:1      | Noticed a snapping turtle
     6 | D:1      | Noticed a wyvern
     6 | D:1      | Noticed a redback
   361 | D:1      | Reached XP level 2. HP: 10/11 MP: 6/6
   837 | D:1      | Reached XP level 3. HP: 12/14 MP: 7/7
  1417 | D:2      | Slain by an adder

Illustrated notes

Levels and vault maps discovered:
D:1:      onia_arrival_zoo_common, layout_loops_cross, minmay_split_cup_small
D:2:      minmay_wonky_spiral, layout_loops_ring

Skill      XL: |  1  2  3 |
---------------+----------+-----
Stealth        | 3 |  3.6
Dodging        | 3 |  3.1
Poison Magic   | 3 |  3.0
Fighting       | |  0.7
Spellcasting   | |  2.3
Transmutations | |  1.7

Action                   || total
-------------------------++-------
Melee: Unarmed           ||    57
       Bite              ||     2
 Cast: Sting             ||    25
  Use: Potion            ||     1
 Stab: Sleeping          ||     9
Armor: Skin              ||     3
Dodge: Dodged            ||    49

Table legend: (Time is in decaauts)
 A = Elapsed time spent in this place.
 B = Non-inter-level travel time spent in this place.
 C = Inter-level travel time spent in this place.
 D = Time resting spent in this place.
 E = Time spent auto-exploring this place.
 F = Levels seen in this place.
 G = Mean time per level.
                   A        B        C        D        E       F      G
               +--------+--------+--------+--------+--------+-----+--------+
         Total |   1243 |   1157 |     86 |    163 |    707 |   2 |  621.5 |
       Dungeon |   1243 |   1157 |     86 |    163 |    707 |   2 |  621.5 |
               +--------+--------+--------+--------+--------+-----+--------+

Top non-repeatable levels by time:
     D:1: 997 daAuts
     D:2: 245 daAuts
